Map: Dreamcatcher LE

Players

Aram

  • Race: Protoss Protoss
  • League: Platinum
  • Spawn Location: 5:00

Goldfist - Winner!

  • Race: Zerg Zerg
  • Spawn Location: 11:00

VOD

Have the link to the VOD?

Description

Great memes

Time

  • Played on: Oct. 6, 2018, 2:53 p.m.
  • Length: 16:21
Show
View Real Time Build Order
Export as new Build Order

Aram Protoss 

Build Orders: 1 Gate Expand 

Get SALT Encoding   

  1  0:00  Probe  
  12  0:06  Probe  
  14  0:16  Probe  
  15  0:30  Pylon  
  15  0:48  Probe  
  16  0:54  Gateway  
  16  1:00  Probe  
  17  1:18  Nexus  
  17  1:20  Probe  
  18  1:30  Probe  
  18  1:38  Probe  
  19  1:43  Cybernetics Core  
  20  1:47  Probe  
  20  1:49  Assimilator  
  21  1:57  Gateway  
  21  1:59  Probe  
  22  2:07  Probe  
  22  2:14  Pylon  
  23  2:29  Probe  
  24  2:30  Adept  
  24  2:32  Probe  
  27  2:39  Assimilator  
  27  2:40  Probe  
  30  2:44  Adept, Probe  
  30  2:48  Probe  
  31  2:56  Probe x2  
  34  3:06  Warp Gate  
  34  3:08  Probe  
  34  3:11  Pylon  
  35  3:19  Probe, Gateway  
  36  3:20  Probe, Gateway  
  36  3:26  Adept  
  39  3:31  Probe  
  39  3:35  Probe  
  39  3:39  Probe  
  39  3:41  Assimilator  
  41  3:47  Probe  
  41  3:48  Stargate  
  43  3:50  Adept, Probe  
  46  3:56  Pylon  
  46  3:58  Probe  
  46  4:02  Probe  
  48  4:07  Probe  
  48  4:14  Probe  
  48  4:16  Pylon  
  50  4:21  Adept x2  
  54  4:38  Phoenix  
  52  4:40  Probe x2  
  52  4:44  Adept x2  
  58  4:47  Pylon  
  58  4:51  Assimilator  
  58  4:52  Probe x2, Pylon  
  60  5:02  Twilight Council, Oracle  
  60  5:04  Probe x2  
  65  5:16  Probe x2  
  67  5:21  Pylon  
  67  5:39  Resonating Glaives  
  67  5:41  Nexus  
  67  5:43  Phoenix, Pylon  
  67  5:45  Templar Archives  
  67  5:46  Pylon  
  69  5:54  Adept x3  
  75  6:09  Adept  
  69  6:24  Adept x3  
  75  6:32  Probe  
  76  6:33  Probe  
  76  6:37  Shield Battery  
  76  6:38  Shield Battery  
  76  6:39  Psionic Storm  
  77  6:44  Probe  
  78  6:48  Adept  
  78  6:49  Adept  
  82  6:55  Gateway x2  
  82  6:57  Probe x2, Gateway  
  82  6:59  Gateway  
  84  7:04  Sentry  
  84  7:05  Assimilator  
  86  7:10  Assimilator  
  86  7:17  Adept  
  80  7:33  Probe  
  80  7:35  Adept x2  
  80  7:36  Probe x2  
  87  7:41  Probe  
  87  7:42  Charge  
  87  7:48  Probe x2  
  87  7:50  Adept x2  
  94  7:53  Probe  
  95  8:00  Probe x2  
  95  8:05  Probe  
  98  8:07  High Templar x3  
  98  8:08  High Templar x2  
  98  8:10  Zealot  
  98  8:12  Probe  
  111  8:19  Probe x2  
  113  8:23  Pylon  
  113  8:24  Probe, Pylon  
  113  8:26  Pylon  
  114  8:29  Zealot  
  114  8:30  Zealot, Fleet Beacon  
  114  8:31  Probe x2  
  117  8:48  High Templar x2  
  121  8:50  Zealot  
  121  8:51  Zealot x4  
  121  8:52  Zealot  
  133  9:07  Nexus  
  133  9:10  Pylon  
  133  9:11  Pylon  
  133  9:12  Pylon  
  133  9:14  Pylon, Graviton Catapult  
  133  9:15  Pylon  
  133  9:21  Mothership  
  141  9:24  High Templar x2  
  141  9:25  High Templar  
  141  9:26  Zealot  
  141  9:30  Pylon  
  149  9:34  Pylon  
  149  9:37  Pylon  
  149  9:39  Shield Battery, Pylon  
  149  9:43  Forge  
  149  9:47  Zealot x3  
  149  9:48  Zealot  
  149  9:49  Zealot  
  159  9:57  Carrier  
  165  10:05  Robotics Facility  
  165  10:17  Protoss Ground Weapons Level 1  
  165  10:21  Zealot x2  
  165  10:22  Zealot x2  
  173  10:30  Zealot  
  173  10:31  Zealot x2  
  173  10:32  Zealot  
  167  10:52  Nexus  
  167  10:53  Zealot  
  167  10:55  Pylon  
  169  11:00  Stargate  
  169  11:01  Stargate  
  169  11:02  Zealot x4  
  169  11:03  Zealot x3  
  183  11:29  Carrier  
  186  11:39  Probe x3  
  189  11:44  Observer  
  189  11:45  Carrier, Photon Cannon  
  196  11:49  Protoss Air Weapons Level 1  
  196  11:50  Zealot  
  194  12:23  Oracle  
  194  12:27  Observer  
  175  13:18  Carrier x3  
  151  13:20  Zealot x3  
  151  13:21  Zealot x3  
  151  13:22  Zealot x2  
  111  13:42  Zealot  
  111  13:43  Zealot x4  
  111  13:44  Zealot x3  
  105  14:04  Zealot  
  105  14:05  Zealot x3  
  105  14:06  Zealot  
  105  14:07  Zealot x3  
  88  14:19  Observer  
  81  14:26  Stalker x2  
  81  14:27  Stalker x2, Mothership  
  81  14:29  Stalker  
  99  14:39  High Templar x2  
  99  14:40  Carrier  
  99  14:41  Gateway  
  109  14:59  Probe  
  111  15:00  Probe x2  
  111  15:03  Pylon  
  111  15:05  Archon  
  106  15:07  Zealot x2, Pylon  
  106  15:08  Zealot x2  
  106  15:09  Zealot  
  106  15:11  Probe  
  90  15:19  Zealot  
  90  15:20  Zealot x2  
  97  15:34  High Templar x2  
  87  15:54  Zealot x2  
  87  15:55  Zealot  
  87  15:56  Adept x3  
  99  16:03  Archon  
Show
View Real Time Build Order
Export as new Build Order

Goldfist Zerg - Winner!

Build Orders: Hatch First, Lurkers 

Get SALT Encoding   

  12  0:01  Drone  
  13  0:12  Overlord  
  13  0:17  Drone  
  14  0:30  Drone x2  
  16  0:39  Drone  
  17  0:56  Hatchery  
  16  0:59  Drone x2  
  18  1:04  Extractor  
  17  1:19  Spawning Pool  
  16  1:30  Drone x3  
  19  1:43  Overlord  
  19  2:07  Queen  
  19  2:08  Metabolic Boost  
  21  2:09  Zergling x4  
  21  2:12  Queen  
  25  2:24  Drone  
  25  2:26  Drone x3  
  29  2:48  Drone  
  29  2:49  Drone x3  
  33  2:51  Queen  
  33  2:55  Overlord  
  34  3:09  Overlord  
  34  3:17  Drone  
  34  3:19  Drone x5  
  40  3:32  Hatchery, Zergling x2  
  40  3:41  Lair  
  40  3:44  Drone, Extractor  
  40  3:48  Spore Crawler  
  39  3:50  Spore Crawler, Drone  
  39  3:57  Queen  
  41  4:06  Drone x2  
  41  4:07  Drone  
  44  4:16  Drone x3  
  47  4:17  Evolution Chamber  
  47  4:18  Evolution Chamber  
  44  4:40  Overlord x3  
  44  4:43  Drone x3  
  44  4:45  Zerg Missile Weapons Level 1  
  47  4:49  Zerg Ground Armor Level 1  
  47  4:50  Queen  
  49  4:55  Zergling x4  
  49  4:56  Zergling x6, Extractor  
  49  4:58  Zergling x2  
  54  5:11  Pneumatized Carapace  
  54  5:12  Zergling x2  
  54  5:13  Zergling x10  
  60  5:14  Overseer  
  60  5:26  Drone x2  
  60  5:27  Drone x6  
  68  5:29  Overlord  
  68  5:49  Spore Crawler, Drone x2  
  70  5:50  Drone x4  
  73  5:59  Hydralisk Den  
  72  6:08  Zergling x2  
  72  6:09  Zergling x12  
  77  6:13  Drone  
  71  6:24  Zergling x2  
  71  6:25  Zergling x12  
  74  6:32  Zergling x2  
  75  6:33  Hatchery, Zergling x6  
  75  6:35  Muscular Augments  
  77  6:40  Drone x3  
  77  6:44  Zergling x2  
  77  6:45  Zergling x2  
  81  6:48  Overlord x3  
  81  7:05  Extractor  
  81  7:07  Extractor  
  67  7:28  Drone x3  
  67  7:29  Drone x3  
  69  7:30  Drone x5  
  69  7:35  Overlord x3  
  69  7:36  Zerg Ground Armor Level 2, Zerg Missile Weapons Level 2  
  74  7:40  Drone x3  
  74  7:41  Drone x2  
  74  7:42  Extractor  
  78  7:47  Grooved Spines  
  78  7:52  Overseer  
  78  7:55  Queen  
  80  8:02  Drone  
  80  8:04  Hydralisk  
  80  8:05  Hydralisk x9  
  101  8:30  Hydralisk x2, Infestation Pit  
  101  8:31  Overlord x4  
  101  8:32  Overlord x2  
  104  8:45  Overlord x4  
  104  8:46  Overlord  
  104  9:00  Hydralisk  
  104  9:01  Hydralisk x13  
  132  9:03  Zergling x2  
  132  9:04  Zergling x2  
  134  9:18  Lurker Den  
  134  9:22  Zergling x2  
  134  9:23  Zergling x22  
  145  9:26  Zergling x2  
  145  9:27  Zergling x8  
  150  9:34  Overseer  
  150  9:42  Hydralisk  
  150  9:43  Hydralisk x6  
  164  9:52  Hive  
  164  10:06  Hydralisk x7  
  178  10:17  Hydralisk  
  178  10:19  Zergling x14  
  178  10:20  Zergling x4  
  177  10:57  Spire  
  177  10:58  Hydralisk x5  
  177  11:00  Lurker x3  
  177  11:01  Lurker  
  190  11:05  Zergling x20  
  200  11:14  Zerg Missile Weapons Level 3  
  200  11:18  Extractor  
  199  11:19  Extractor  
  190  11:38  Lurker x4  
  194  11:55  Lurker  
  195  12:11  Hatchery  
  195  12:13  Corruptor x2  
  198  12:16  Greater Spire  
  179  13:02  Hydralisk x2  
  179  13:03  Hydralisk x2, Zergling x2  
  179  13:04  Zergling x2  
  179  13:05  Corruptor x3  
  184  13:06  Corruptor x2  
  176  13:16  Hydralisk x2  
  143  13:23  Corruptor x5  
  132  13:55  Corruptor  
  132  13:56  Corruptor x5  
  141  14:06  Zergling x6  
  138  14:14  Hatchery  
  129  14:18  Drone x3  
  129  14:22  Hydralisk x3  
  134  14:26  Queen  
  136  14:32  Extractor  
  136  14:34  Extractor  
  134  14:50  Queen, Drone  
  137  14:53  Zergling x2  
  137  14:54  Zergling x16  
  131  15:15  Brood Lord x3  
  131  15:16  Brood Lord x2  
  131  15:19  Zergling x2  
  131  15:20  Zergling x4  
  144  15:21  Brood Lord  
  144  15:22  Brood Lord x2  
Tags
 
Add a new tag
Caveats
  • Supply blocks, unpowered buildings, or Contaminate may cause inaccurate times.
  • Supply counts are checked every 10 seconds.